 Dungeon Crawl Stone Soup version 0.25-a0-949-gdd2af9e06e (webtiles) character file.

Game seed: 5995297348368089620, levelgen mode: deterministic

4712 Flugslaktarn the Cleaver (level 10, -8/80 HPs)
             Began as a Formicid Fighter on May 8, 2020.
             Was a Priest of Okawaru.
             Mangled by a two-headed ogre
             ... wielding a cursed -1 giant club
              (15 damage)
             ... on level 13 of the Dungeon.
             The game lasted 00:05:11 (9301 turns).

Flugslaktarn the Cleaver (Formicid Fighter)         Turns: 9301, Time: 00:05:12

Health: -8/80      AC: 12    Str: 25    XL:     10   Next: 73%
Magic:  12/14      EV: 10    Int:  9    God:    Okawaru [***...]
Gold:   509        SH: 22    Dex: 10    Spells: 9/9 levels left

rFire    . . .     SeeInvis +   a - +1 war axe
rCold    + . .     Gourm    .   m - +2 tower shield
rNeg     . . .     Faith    .   g - +0 chain mail
rPois    .         Spirit   .   (helmet unavailable)
rElec    .         Reflect  .   (no cloak)
rCorr    .         Harm     .   (no gloves)
MR       +....                  (no boots)
Stlth    ..........             (no amulet)
HPRegen  0.23/turn              c - ring of protection from cold
MPRegen  0.14/turn              (no ring)

@: heroism
A: permanent stasis, dig shafts and tunnels, four strong arms, antennae 3,
talons 1, clever 1
a: Dig, Shaft Self, Heroism, Renounce Religion


You were on level 13 of the Dungeon.
You worshipped Okawaru.
Okawaru was most pleased with you.
You were not hungry.

You visited 2 branches of the dungeon, and saw 12 of its levels.

You collected 509 gold pieces.

Inventory:

Hand Weapons
 a - a +1 war axe (weapon)
Missiles
 d - 2 throwing nets (quivered)
Armour
 g - a +0 chain mail (worn)
   (You took it off an orc on level 4 of the Dungeon)
 m - a +2 tower shield (worn)
   (You found it on level 6 of the Dungeon)
Jewellery
 c - a ring of protection from cold (left hand)
   (You found it on level 2 of the Dungeon)
Wands
 v - a wand of digging (3)
   (You took it off Blork the orc on level 5 of the Dungeon)
 w - a wand of scattershot (5)
   (You found it on level 9 of the Dungeon)
Scrolls
 f - a scroll of magic mapping
 k - 4 scrolls of enchant armour
 r - a scroll of identify
 x - 5 scrolls of remove curse
Potions
 b - a potion of haste {unknown}
 h - a potion of magic {unknown}
 i - 2 potions of lignification
 j - 2 potions of flight
 l - a potion of heal wounds {unknown}
 n - 2 potions of resistance
 p - a potion of invisibility {unknown}
 q - 2 potions of curing
 s - a potion of ambrosia {unknown}
 u - a potion of cancellation
Comestibles
 e - 14 rations
 t - 2 chunks of flesh


   Skills:
 + Level 7.7(12.7) Fighting
 * Level 9.3(14.3) Axes
 + Level 7.7(12.7) Armour
 + Level 8.6(13.6) Shields
 + Level 5.3 Invocations


You had 9 spell levels left.
You didn't know any spells.
Your spell library was empty.

Dungeon Overview and Level Annotations

Branches:
Dungeon (10/15)            Temple (1/1) D:4
   Lair: D:8-11         Orc: D:9-12

Altars:
Ashenzari
Cheibriados
Dithmenos
Elyvilon
Fedhas
Gozag
Hepliaklqana
Kikubaaqudgha
Makhleb
Nemelex Xobeh
Okawaru
Qazlal
Ru
Sif Muna
Trog
Uskayaw
Vehumet
Wu Jian
Xom
Yredelemnul
Zin
The Shining One

Annotations:
D:10 Fannar


Innate Abilities, Weirdness & Mutations

You cannot be hasted, slowed, berserked, paralysed or teleported.
You can dig through walls and to a lower floor.
Your four strong arms can wield two-handed weapons with a shield.
You have a pair of large antennae on your head. (SInv)
You have sharp toenails.
Your mind is acute. (Int +2)


Message History

You are poisoned.
The meliai poisons you!
It was a potion of mutation.
You feel extremely strange.
Your toenails lengthen and sharpen.
You feel clever.
You feel sick. You block the meliai's attack. x2
The meliai closely misses you. You block the meliai's attack.
The two-headed ogre hits you with a cursed -1 giant club!
* * * LOW HITPOINT WARNING * * *
The two-headed ogre closely misses you. The meliai barely misses you.
The meliai stings you but does no damage.
The meliai closely misses you. You block the meliai's attack.
Unknown command.
You feel better. The meliai hits you with a +0 war axe!
* * * LOW HITPOINT WARNING * * *
You block the meliai's attack. x2; The meliai barely misses you.
The meliai calls down the wrath of its god upon you.
Something smites you!
* * * LOW HITPOINT WARNING * * *
The two-headed ogre hits you with a cursed -1 giant club!
You die...

{ {
######+##
........#
......y.#
......y@#
......yO#
......[.#
>.......#
###+#####


You could see a two-headed ogre and 3 meliai.

Vanquished Creatures
  2 hippogriffs
  Sigmund (D:2)
  A spriggan (D:7)
  2 hungry ghosts (D:9)
  Menkaure (D:5)
  A black bear (D:4)
  3 phantoms
  4 ogres
  6 centaurs
  6 bullfrogs
  Blork the orc (D:5)
  A wyvern skeleton (D:9)
  4 scorpions
  6 crimson imps
  2 bullfrog zombies
  2 quasits
  A centaur zombie (D:7)
  2 hounds
  3 jellies
  6 orc priests
  A bullfrog skeleton (D:9)
  15 orc wizards
  Terence (D:3)
  3 iguanas
  Natasha (thrice) (D:4)
  10 worker ants
  A hound zombie (D:6)
  A hound skeleton (D:7)
  A worker ant zombie (D:9)
  4 gnolls (D:4)
  8 adders
  A shadow imp (D:5)
  An adder zombie (D:9)
  2 worms
  2 dart slugs
  2 leopard geckos
  23 orcs
  6 bats
  10 giant cockroaches
  2 goblins
  7 hobgoblins
  9 jackals
  2 quokkas
  2 frilled lizards
  6 kobolds
  A leopard gecko skeleton (D:5)
  A quokka skeleton (D:8)
  9 rats
189 creatures vanquished.

Notes
Turn   | Place    | Note
-------+----------+-------------------------------------------
     0 | D:1      | Flugslaktarn the Formicid Fighter began the quest for the
                  | Orb.
     0 | D:1      | Reached XP level 1. HP: 18/18 MP: 1/1
   307 | D:1      | Reached XP level 2. HP: 19/24 MP: 2/2
   652 | D:1      | You fall into a shaft and drop 1 floor!
   667 | D:2      | Found an ornate altar of the Wu Jian Council.
   671 | D:2      | Found a bloodstained altar of Trog.
   963 | D:2      | Reached XP level 3. HP: 29/29 MP: 3/3
  1143 | D:2      | Noticed Sigmund
  1153 | D:2      | Killed Sigmund
  1153 | D:2      | Reached skill level 3 in Axes
  1153 | D:2      | Reached XP level 4. HP: 31/37 MP: 4/4
  1153 | D:2      | Reached XP level 5. HP: 35/42 MP: 5/5
  1397 | D:2      | Found a snail-covered altar of Cheibriados.
  1400 | D:2      | Reached XP level 6. HP: 48/48 MP: 6/6
  2057 | D:3      | Reached skill level 4 in Axes
  2097 | D:3      | Noticed Terence
  2111 | D:3      | Killed Terence
  2257 | D:3      | Found a radiant altar of Vehumet.
  2792 | D:4      | Reached skill level 5 in Shields
  2798 | D:4      | Reached XP level 7. HP: 55/55 MP: 7/7
  2805 | D:4      | Noticed Natasha
  2822 | D:4      | Killed Natasha
  2822 | D:4      | Reached skill level 5 in Axes
  2927 | D:4      | Noticed Natasha
  2941 | D:4      | Killed Natasha
  2941 | D:4      | Reached skill level 5 in Fighting
  2941 | D:4      | Reached skill level 5 in Armour
  3211 | D:4      | Noticed Natasha
  3220 | D:4      | Killed Natasha
  3220 | D:4      | Reached XP level 8. HP: 43/62 MP: 8/8
  3584 | D:4      | Found a sparkling altar of Nemelex Xobeh.
  3900 | D:4      | Reached skill level 6 in Axes
  4140 | D:4      | Found a staircase to the Ecumenical Temple.
  4161 | Temple   | Entered the Ecumenical Temple
  4339 | Temple   | Became a worshipper of Warmaster Okawaru
  4660 | D:5      | Entered Level 5 of the Dungeon
  4679 | D:5      | Reached skill level 1 in Invocations
  4868 | D:5      | Reached XP level 9. HP: 44/69 MP: 8/10
  4878 | D:5      | Reached * piety under Okawaru
  5186 | D:5      | Noticed Blork the orc
  5208 | D:5      | Killed Blork the orc
  5208 | D:5      | Reached skill level 7 in Axes
  5535 | D:5      | Noticed Menkaure
  5541 | D:5      | Killed Menkaure
  5742 | D:5      | Found a sacrificial altar of Ru.
  6629 | D:6      | Reached skill level 8 in Axes
  6790 | D:6      | Found an ancient bone altar of Kikubaaqudgha.
  6918 | D:7      | Found a shadowy altar of Dithmenos.
  6931 | D:7      | Reached ** piety under Okawaru
  7049 | D:7      | Noticed a hippogriff
  7061 | D:7      | Killed a hippogriff
  7061 | D:7      | Reached XP level 10. HP: 66/79 MP: 11/13
  7464 | D:7      | Found a white marble altar of Elyvilon.
  8007 | D:8      | Found a hide-covered altar of Uskayaw.
  8624 | D:9      | Reached skill level 9 in Axes
  8636 | D:9      | Reached skill level 5 in Invocations
  8755 | D:9      | Reached *** piety under Okawaru
  9111 | D:9      | Found a glowing silver altar of Zin.
  9273 | D:10     | Entered Level 10 of the Dungeon
  9281 | D:10     | Noticed Fannar
  9297 | D:10     | You fall into a shaft and drop 3 floors!
  9297 | D:13     | Noticed a two-headed ogre
  9300 | D:13     | Gained mutation: You have sharp toenails. [potion of
                  | mutation]
  9300 | D:13     | Gained mutation: Your mind is acute. (Int +2) [potion of
                  | mutation]
  9301 | D:13     | Mangled by a two-headed ogre

Levels and vault maps discovered:
D:1:      minmay_arrival_up_and_down, layout_basic
D:2:      layout_loops_ring, marbit_many_paths, gammafunk_temple_overflow_pools,
          first_ration, serial_co_window_serial, co_window_paths_b,
          co_window_of_opportunity_a, co_window_corner_a, co_window_paths_a,
          co_window_paths_b, co_window_of_opportunity_a, co_window_corner_a,
          co_window_broadway_a, co_window_broadway_b, co_window_broadway_c,
          co_window_corner_b, co_window_paths_e, glass_columns_b, uniq_sigmund
D:3:      layout_loops_corners, vehumet_crystals, grunt_ministairs_2,
          uniq_terence
D:4:      layout_rooms, old_standard_altar, minmay_temple_entry_junction,
          uniq_natasha
D:5:      layout_rooms, nicolae_ru_the_path_less_chosen, uniq_blork_the_orc,
          uniq_menkaure
D:6:      minmay_flawed_box, layout_loops_ring, kennysheep_mini
D:7:      layout_basic, grunt_dithmenos_smoke_and_mirrors, elyvilon_altar_3,
          serial_aquarium, aquarium_bridge_square [aquarium_subvault_wall,
          aquarium_subvault_balcony, aquarium_subvault_bridge,
          aquarium_subvault_bridge], aquarium_bridge_long_joined
          [aquarium_subvault_wall, aquarium_subvault_window,
          aquarium_subvault_bridge, aquarium_subvault_bridge,
          aquarium_subvault_wall, aquarium_subvault_bridge], aquarium_window_2,
          aquarium_window_fake, aquarium_window_1, aquarium_window_2,
          aquarium_view_2d, aquarium_view_2e, aquarium_pool_side, the_bakery
D:8:      layout_gridville, lemuel_crystal_altar
D:9:      layout_basic, zin_statuary
D:10:     layout_basic, lair_entry_dummy, chequers_serial_rivers_small_a,
          item_on_display_a, uniq_fannar
D:13:     layout_roguey, lightli_vaults_fourway_checkpoint, serial_shops, shop,
          shop, shop
Temple:   minmay_freezing_vapour_temple

Skill      XL: |  1  2  3  4  5  6  7  8  9 10 |
---------------+-------------------------------+-----
Shields        | 4 5 6 7 8 |  8.6
Fighting       | 4 5 6 7 |  7.7
Axes           | 3 4 5 6 8 9 |  9.3
Armour         | 4 5 6 7 |  7.7
Invocations    | 1 4 5 |  5.3

Action                   |  1- 3 |  4- 6 |  7- 9 | 10-12 || total
-------------------------+-------+-------+-------+-------++-------
Melee: War axe           |    70 |    83 |   387 |   222 ||   762
Invok: Heroism           |       |       |       |     1 ||     1
 Abil: Dig               |     2 |       |       |       ||     2
       Shaft Self        |       |       |       |     1 ||     1
  Use: Scroll            |       |    13 |     3 |     4 ||    20
       Potion            |       |       |     3 |     3 ||     6
  Eat: Chunk             |     1 |     5 |     8 |     8 ||    22
       Ration            |       |       |     2 |     2 ||     4
Armor: Scale mail        |    26 |    21 |    42 |       ||    89
       Chain mail        |       |       |    92 |    77 ||   169
Dodge: Dodged            |    20 |    27 |    60 |    41 ||   148
Block: Kite shield       |    29 |    25 |       |       ||    54
       Tower shield      |       |    38 |   394 |   216 ||   648

Table legend:
 A = Non-vault XP
 B = Vault XP
 C = Vault XP percentage of total XP
 D = Non-vault monster count
 E = Vault monster count
 F = Vault count percentage of total count
                 A         B        C        D         E       F
            +---------+---------+-------+---------+---------+-------
      Total |    5529 |    1203 |  17.9 |     169 |      20 |  10.6
            +---------+---------+-------+---------+---------+-------
        D:1 |      20 |       0 |   0.0 |      13 |       0 |   0.0
        D:2 |      34 |     229 |  87.1 |      17 |       2 |  10.5
        D:3 |     120 |      52 |  30.2 |      19 |       3 |  13.6
        D:4 |    1223 |      35 |   2.8 |      38 |       1 |   2.6
        D:5 |     517 |     244 |  32.1 |      22 |       2 |   8.3
        D:6 |     705 |     428 |  37.8 |      13 |      11 |  45.8
        D:7 |     848 |     215 |  20.2 |      15 |       1 |   6.2
        D:8 |     619 |       0 |   0.0 |      15 |       0 |   0.0
        D:9 |    1398 |       0 |   0.0 |      16 |       0 |   0.0
       D:10 |      45 |       0 |   0.0 |       1 |       0 |   0.0
            +---------+---------+-------+---------+---------+-------
